 Dungeon Crawl Stone Soup version 0.32-a0-599-gba8f9cf90e (webtiles) character file.

Game seed: 15111904397785154915

14870 ragingrage the Skirmisher (level 12, -1/83 HPs)
             Began as a Formicid Delver on Mar 3, 2024.
             Was a High Priest of Hepliaklqana.
             Slain by a six-headed hydra (7 damage)
             ... on level 1 of the Lair of Beasts.
             The game lasted 00:18:27 (14655 turns).

ragingrage the Skirmisher (Formicid Delver)        Turns: 14655, Time: 00:18:27

Health: -1/83      AC: 11    Str: 18    XL:     12   Next: 50%
Magic:  18/18      EV: 16    Int: 10    God:    Hepliaklqana [*****.]
Gold:   102        SH:  0    Dex: 25    Spells: 10/11 levels left

rFire   . . .        a - +4 sling (drain)
rCold   . . .        (no shield)
rNeg    . . .        b - +2 leather armour {rPois}
rPois   +            (helmet unavailable)
rElec   +            (no cloak)
rCorr   .            g - +2 pair of gloves
SInv    +            e - +2 pair of boots {Fly}
Will    ++...        k - amulet of faith
Stlth   ++++         O - ring of Dishonesty {rElec Will+ Slay+4}
HPRegen 0.33/turn    E - ring "Rel Imi" {Dex+6 Slay+3}
MPRegen 0.16/turn

%: faith
@: flying
A: reduced essence, permanent stasis, dig shafts and tunnels, antennae 3, four
strong arms
a: Dig, Shaft Self, Renounce Religion, Recall Ancestor, Ancestor Identity,
Transference, Idealise


You were on level 1 of the Lair of Beasts.
You worshipped Hepliaklqana.
Hepliaklqana was extremely pleased with you.
You visited 3 branches of the dungeon, and saw 14 of its levels.
You also visited: Bailey.

You collected 1634 gold pieces.
You spent 1532 gold pieces at shops.

Inventory:

Hand Weapons
 a - a +4 sling of draining (weapon)
 x - a +0 orcbow
 B - a +5 long sword of freezing
 C - a +3 dagger
Missiles
 m - 31 boomerangs
 t - 45 poisoned darts
 A - 6 atropa-tipped darts
Armour
 b - a +2 leather armour of poison resistance (worn)
 e - a +2 pair of boots of flying (worn)
 g - a +2 pair of gloves (worn)
 I - +0 acid dragon scales
Jewellery
 k - an amulet of faith (around neck)
 n - a +6 ring of intelligence
 u - a ring of flight
 y - a ring of positive energy
 E - the ring "Rel Imi" (right hand) {Dex+6 Slay+3}
   (You bought it in a shop on level 4 of the Dungeon)

   [ring of dexterity]

   Dex+6:     It affects your dexterity (+6).
   Slay+3:    It affects your accuracy & damage with ranged weapons and melee
   (+3).
 F - a ring of protection from fire
 O - the ring of Dishonesty (left hand) {rElec Will+ Slay+4}
   (You bought it in a shop on level 4 of the Dungeon)

   [ring of slaying]

   Slay+4:    It affects your accuracy & damage with ranged weapons and melee
   (+4).
   rElec:     It insulates you from electricity.
   Will+:     It increases your willpower.
Wands
 f - a wand of digging (10)
 K - a wand of paralysis (13)
 L - a wand of mindburst (10)
Scrolls
 c - 3 scrolls of fog
 d - 4 scrolls of revelation
 h - a scroll of enchant weapon
 i - 2 scrolls of vulnerability {unknown}
 p - 2 scrolls of torment {unknown}
 r - 2 scrolls of immolation {unknown}
 D - a scroll of noise
 J - 2 scrolls of poison
 M - a scroll of silence
 N - 2 scrolls of identify
Potions
 j - 5 potions of enlightenment
 l - 2 potions of ambrosia
 o - 5 potions of cancellation
 q - a potion of haste {unknown}
 v - 2 potions of might {unknown}
 w - 6 potions of degeneration {unknown}
 z - 2 potions of heal wounds
 G - 2 potions of curing
 H - a potion of mutation {unknown}
Miscellaneous
 s - a phial of floods


   Skills:
 + Level 8.3 Fighting
 - Level 6.0 Short Blades
 - Level 14.0 Ranged Weapons
 - Level 6.0 Dodging
 - Level 6.1 Stealth
 - Level 5.0 Earth Magic
 + Level 8.0 Invocations


You had 10 spell levels left.
You knew the following spells:

 Your Spells              Type           Power      Damage    Failure   Level
a - Sandblast             Erth           20%        2d7       6%          1

Your spell library contained the following spells:

 Spells                   Type           Power      Damage    Failure   Level
 Magic Dart               Conj           0%         1d3       41%         1
 Necrotise                Necr           0%         1d4       41%         1
 Call Imp                 Summ           0%         N/A       56%         2
 Vampiric Draining        Necr           0%         2d6       80%         3
 Martyr's Knell           Necr/Summ      0%         N/A       99%         4
 Curse of Agony           Necr           0%         N/A       100%        5
 Blink                    Tloc           Unusable   N/A       N/A         2

Dungeon Overview and Level Annotations

Branches:
Dungeon (11/15)            Temple (1/1) D:4            Lair (2/5) D:8
 Bailey (visited)
  Swamp: Lair:2-3    Shoals: Lair:2-3     Snake: Lair:2-3    Spider: Lair:2-3
    Orc: D:9-12

Altars:
Ashenzari
Cheibriados
Dithmenos
Elyvilon
Fedhas
Gozag
Hepliaklqana
Kikubaaqudgha
Makhleb
Nemelex Xobeh
Okawaru
Qazlal
Ru
Sif Muna
Trog
Uskayaw
Vehumet
Wu Jian
Xom
Yredelemnul
Zin
The Shining One
Beogh

Shops:
D:4 =   D:9 (

Annotations:
D:8 exclusion: boulder beetle
D:10 3 runed translucent doors, javelincjr's ghost, journeyman DsWr
Lair:1 exclusion: downstairs


Innate Abilities, Weirdness & Mutations

Your life essence is reduced to manifest your ancestor. (-10% HP)
You cannot be hasted, slowed, berserked, paralysed or teleported.
You can dig through walls and to a lower floor.
You have a pair of large antennae on your head. (SInv)
Your four strong arms can wield two-handed weapons with a shield.


Message History

Okay, then.
Okay, then.
Okay, then.
Okay, then.
The six-headed hydra bites Rufy but does no damage.
The six-headed hydra bites Rufy!
Rufy is destroyed!
Okay, then.
Aiming: Paralyse
Press: ? - help, Shift-Dir - straight line, f - cane toad
Aim: a cane toad (chance to affect: 49%)
The cane toad suddenly stops moving!
Okay, then.
Aiming: Paralyse
Press: ? - help, Shift-Dir - straight line, f - six-headed hydra, p - cane toad
Aim: a six-headed hydra (chance to affect: 17%)
Okay, then.
Unknown command.
Aiming: Mindburst
Press: ? - help, Shift-Dir - straight line, f/p - cane toad
Aim: a cane toad (paralysed, chance to affect: 64%)
Okay, then.
Okay, then.
Okay, then.
Okay, then.
The six-headed hydra attacks as it pursues you!
The six-headed hydra bites you but does no damage.
The six-headed hydra bites you.
The six-headed hydra bites you but does no damage.
The six-headed hydra bites you. The six-headed hydra barely misses you.
The six-headed hydra bites you!
* * * LOW HITPOINT WARNING * * *
As you read the scroll labelled VORAMA CONO, it crumbles to dust.
It is a scroll of enchant weapon.
Your +3 sling of draining glows red for a moment.
The six-headed hydra misses you. x2; The six-headed hydra bites you!
* * * LOW HITPOINT WARNING * * *
The six-headed hydra bites you!
You die...
Hepliaklqana delivers you to your ancestors.

### ###############
#####.###.#P##.#.#.P#.#########
...................)..........#
..............................#
...............D@.............#
###...###...###....##P........#
#...# #....###...###........#
#...###.....#....###........#
#.>...#...#.##...P##........#
##..F....P...P#...###........#
#......P...........##..÷.....#
##.......ß........##.........#
#....ß÷....ß.....##P........#


You could see a six-headed hydra.

Vanquished Creatures
  A centaur warrior (D:8)
  A black mamba (Lair:1)
  A torpor snail (Lair:1)
  3 cane toads (Lair:1)
  2 rime drakes
  A troll (D:10)
  2 polar bears (Lair:1)
  2 slime creatures (D:8)
  7 yaks
  A wraith (D:10)
  3 wyverns
  2 vampire mosquitoes (D:10)
  3 acid dragons
  7 water moccasins
  An ice beast (D:6)
  6 orc warriors
  2 black bears
  4 sky beasts
  An ogre (D:5)
  11 wolves (Lair:1)
  4 centaurs
  A phantom (D:4)
  4 kobold brigands
  10 bullfrogs
  3 scorpions
  9 wights
  3 howler monkeys
  2 bombardier beetles
  3 hounds
  2 jellies
  3 orc priests
  2 gnoll boudas
  A sleepcap (D:8)
  5 iguanas
  4 orc wizards
  15 gnolls
  7 adders
  A shadow imp (D:6)
  3 white imps (D:4)
  2 ufetubi (D:4)
  A dart slug (D:1)
  2 ribbon worms
  24 orcs
  6 bats
  6 endoplasms
  3 giant cockroaches
  8 goblins
  11 hobgoblins
  7 jackals
  22 kobolds
  6 quokkas
  6 ball pythons
  4 frilled lizards (D:1)
  3 rats (D:1)
254 creatures vanquished.

Vanquished Creatures (collateral kills)
  Nergalle (D:10)
  Pikel (D:5)
  An orc knight (Bailey)
  A wraith (D:9)
  3 yaks
  An acid dragon (D:9)
  A water moccasin (D:7)
  3 orc warriors
  2 bullfrogs
  2 scorpions (D:6)
  5 wights
  4 orc priests
  A scrub nettle (Lair:1)
  A sleepcap (D:5)
  An orc wizard (D:9)
  2 gnolls
  5 orcs
  2 goblins (Bailey)
  10 kobolds
47 creatures vanquished.

Vanquished Creatures (others)
  2 knights (Lair:1)
  3 ancestors
5 creatures vanquished.

Grand Total: 306 creatures vanquished

Notes
Turn   | Place    | Note
-------+----------+-------------------------------------------
     0 | D:5      | ragingrage the Formicid Delver began the quest for the Orb.
     0 | D:5      | Reached XP level 1. HP: 18/18 MP: 1/1
     6 | D:5      | Noticed an ogre
    18 | D:6      | Noticed an ice beast
    43 | D:6      | Noticed a scorpion
    57 | D:4      | Noticed a phantom
    57 | D:4      | Found Izeukocs's Jewellery Shop.
   103 | D:3      | Reached XP level 2. HP: 24/24 MP: 2/2
   237 | D:2      | Found a shimmering altar of Xom.
   257 | D:1      | Reached XP level 3. HP: 28/29 MP: 3/3
   499 | D:1      | Found a faded altar of an unknown god.
   582 | D:1      | Prayed at the altar of an unknown god.
   582 | D:1      | Became a worshipper of Vehumet
   582 | D:1      | Reached * piety under Vehumet
   582 | D:1      | Offered knowledge of Sandblast by Vehumet.
   585 | D:1      | Learned a level 1 spell: Sandblast
  1106 | D:1      | Reached skill level 1 in Earth Magic
  1331 | D:1      | Reached XP level 4. HP: 33/35 MP: 4/4
  2014 | D:2      | Offered knowledge of Sting by Vehumet.
  2224 | D:3      | Reached ** piety under Vehumet
  2533 | D:3      | Fell from the grace of Vehumet
  2691 | D:3      | Reached XP level 5. HP: 41/41 MP: 5/5
  3551 | D:4      | Noticed a black bear
  3773 | D:3      | Reached XP level 6. HP: 47/47 MP: 6/6
  4100 | D:3      | Killed a black bear
  4101 | D:3      | Reached skill level 5 in Short Blades
  4139 | D:4      | Reached XP level 7. HP: 52/52 MP: 7/7
  4259 | D:4      | Reached skill level 5 in Earth Magic
  4390 | D:4      | Found a staircase to the Ecumenical Temple.
  4399 | Temple   | Entered the Ecumenical Temple
  4408 | Temple   | Became a worshipper of Hepliaklqana the Forgotten
  4694 | D:3      | Reached skill level 1 in Ranged Weapons
  4850 | D:4      | Reached skill level 2 in Ranged Weapons
  5533 | D:5      | Noticed Pikel
  5818 | D:5      | Reached skill level 3 in Ranged Weapons
  5818 | D:5      | Reached XP level 8. HP: 50/58 MP: 8/8
  6205 | D:5      | Found a glowing silver altar of Zin.
  6205 | D:5      | Noticed an angel
  6280 | D:5      | Reached skill level 4 in Ranged Weapons
  6294 | D:5      | Found a white marble altar of Elyvilon.
  6334 | D:5      | Reached * piety under Hepliaklqana
  6371 | D:5      | Reached skill level 5 in Ranged Weapons
  6809 | D:6      | Reached skill level 6 in Ranged Weapons
  7009 | D:6      | Reached skill level 7 in Ranged Weapons
  7026 | D:6      | Reached XP level 9. HP: 57/57 MP: 9/9
  7045 | D:6      | Found a broken altar of Ashenzari.
  7118 | D:6      | Reached skill level 8 in Ranged Weapons
  7863 | D:6      | Reached skill level 9 in Ranged Weapons
  7924 | D:6      | Found a roughly hewn altar of Beogh.
  7924 | D:6      | Found the +7 staff of the Meek {protect, meekguard}
  8387 | D:7      | Identified the +2 chain mail "Xedawnin" {Regen+ Int+3}
  8484 | D:7      | Reached ** piety under Hepliaklqana
  8485 | D:7      | Remembered your ancestor Rufy as a knight
  8495 | D:7      | Reached skill level 10 in Ranged Weapons
  8549 | D:8      | Reached XP level 10. HP: 19/63 MP: 10/10
  8654 | D:9      | Reached skill level 11 in Ranged Weapons
  8669 | D:9      | Found a flagged portal.
  8684 | Bailey   | Entered a bailey
  8723 | Bailey   | Noticed an orc knight
  8750 | Bailey   | Killed an orc knight
  8751 | Bailey   | Reached skill level 12 in Ranged Weapons
  9327 | Bailey   | Was forgiven by Vehumet
  9927 | D:4      | Bought the ring "Rel Imi" {Dex+6 Slay+3} for 556 gold
                  | pieces
  9952 | D:5      | Killed Pikel
  9953 | D:5      | Reached skill level 13 in Ranged Weapons
  9975 | D:5      | Found a basalt altar of Yredelemnul.
 10822 | D:8      | Reached XP level 11. HP: 67/67 MP: 11/11
 10952 | D:8      | Reached skill level 14 in Ranged Weapons
 10963 | D:8      | Noticed a centaur warrior
 10978 | D:8      | Killed a centaur warrior
 11185 | D:8      | Reached *** piety under Hepliaklqana
 11289 | D:8      | Noticed a boulder beetle
 11350 | D:8      | Found a staircase to the Lair.
 11697 | D:9      | Reached skill level 5 in Fighting
 11912 | D:9      | Found Lihit's Antique Weapon Shoppe.
 12188 | D:10     | Entered Level 10 of the Dungeon
 12316 | D:10     | Reached skill level 5 in Invocations
 12335 | D:10     | Noticed Nergalle
 12354 | D:10     | Killed Nergalle
 12537 | D:10     | Reached **** piety under Hepliaklqana
 12694 | D:10     | Found a runed translucent gate.
 12695 | D:10     | Found a runed translucent gate.
 12696 | D:10     | Found a runed translucent gate.
 12703 | D:10     | Noticed javelincjr's ghost (journeyman DsWr)
 13090 | D:10     | Reached skill level 5 in Dodging
 13107 | D:10     | Reached XP level 12. HP: 47/80 MP: 16/16
 13197 | D:4      | Bought the ring of Dishonesty {rElec Will+ Slay+4} for 976
                  | gold pieces
 13650 | Lair:1   | Entered Level 1 of the Lair of Beasts
 14049 | Lair:1   | Reached ***** piety under Hepliaklqana
 14638 | Lair:2   | Noticed a six-headed hydra
 14655 | Lair:1   | Slain by a six-headed hydra

Illustrated notes

Levels and vault maps discovered:
D:1:      dpeg_arrival_renting, layout_basic,
          hellmonk_ecumenical_altar_dog_temple, minivault_26,
          minmay_misc_feat_diagonals, st_stairs_10
D:2:      layout_rooms, basic_altar, serial_glass, glass_columns_a,
          glass_columns_a, minmay_strange_pillars, minmay_strange_pillars,
          due_unseen_surprise, minmay_misc_feat_secret_circle
D:3:      layout_loops_ring
D:4:      layout_layer_cave, minmay_temple_entry_glass, serial_demonic,
          serial_demonic_a, serial_demonic_g, serial_demonic_c,
          serial_demonic_c, serial_shops, shop, kennysheep_cross_bottleneck
D:5:      layout_gridville, zin_angel, kennysheep_ying_yang, uniq_pikel
D:6:      layout_basic, cheibrodos_ashenzari_chains,
          hangedman_abyss_or_decor_stagger, pf_guarded_unrand_meek
D:7:      layout_loops_ring
D:8:      minmay_the_grid_octo_2x2 [minmay_the_grid_octo_toaster,
          minmay_the_grid_octo_pinwheel, minmay_the_grid_octo_concentric,
          minmay_the_grid_octo_prize_single_spiral], layout_basic
D:9:      layout_roguey, serial_shops, shop, enter_bailey_2
D:10:     layout_small_grid, gammafunk_ghost_spectres,
          nicolae_nh_ransacked_shop, uniq_nergalle
D:11:     layout_loops_ring, gammafunk_ghost_ooze,
          portal_ice_cave_entry_pillars_2
Temple:   dpeg_three_leaves_temple
Lair:1:   layout_long_grid, serial_bayou_lagoon_a, evilmike_ambush
          [evilmike_ambush_outer_basic, evilmike_ambush_inner_pond],
          serial_bayou_shore_b
Lair:2:   layout_cave_pods, mainiacjoe_shoals_entry_four_pools,
          guppyfry_lair_drakes

Skill      XL: |  1  2  3  4  5  6  7  8  9 10 11 12 |
---------------+-------------------------------------+-----
Dodging        | 2 5 6 |  6.0
Short Blades   | 3 4 5 6 |  6.0
Earth Magic    | 1 2 4 5 |  5.0
Ranged Weapons | 3 7 10 13 14 | 14.0
Fighting       | 6 8 |  8.3
Invocations    | 5 8 |  8.0
Stealth        | |  6.1

Action                     |  1- 3 |  4- 6 |  7- 9 | 10-12 || total
---------------------------+-------+-------+-------+-------++-------
  Melee: Short sword       |   143 |    41 |       |       ||   184
   Fire: Sling             |       |    79 |   319 |   515 ||   913
   Cast: Sandblast         |     9 |    28 |       |       ||    37
 Invoke: Renounce Religion |       |     1 |       |       ||     1
         Recall Ancestor   |       |       |     3 |     7 ||    10
         Ancestor Life: Kn |       |       |     1 |       ||     1
         Idealise          |       |       |       |     1 ||     1
  Evoke: Wand              |       |       |       |     1 ||     1
    Use: Scroll            |     1 |     1 |     1 |     9 ||    12
         Potion            |       |     2 |     5 |       ||     7
   Stab: Sleeping          |     8 |     2 |       |       ||    10
 Armour: Leather armour    |    86 |    99 |   135 |    60 ||   380
         Acid dragon scale |       |       |       |     2 ||     2
  Dodge: Dodged            |    86 |    83 |    99 |    60 ||   328

Table legend: (Time is in decaauts)
 A = Elapsed time spent in this place.
 B = Non-inter-level travel time spent in this place.
 C = Inter-level travel time spent in this place.
 D = Time resting spent in this place.
 E = Time spent auto-exploring this place.
 F = Levels seen in this place.
 G = Mean time per level.
                   A        B        C        D        E       F      G
               +--------+--------+--------+--------+--------+-----+--------+
         Total |  14626 |  13254 |   1372 |   3165 |   7533 |  15 |  975.1 |
       Dungeon |  12621 |  11335 |   1286 |   2414 |   6702 |  11 | 1147.4 |
        Temple |     18 |      1 |     17 |      0 |      0 |   1 |   18.0 |
          Lair |    972 |    903 |     69 |    148 |    595 |   2 |  486.0 |
        Bailey |   1013 |   1013 |      0 |    602 |    236 |   1 | 1013.0 |
               +--------+--------+--------+--------+--------+-----+--------+

Top non-repeatable levels by time:
     D:4: 1979 daAuts
     D:3: 1656 daAuts
     D:1: 1425 daAuts
     D:6: 1423 daAuts
     D:5: 1261 daAuts
    D:10: 1192 daAuts
  Bailey: 1013 daAuts
     D:7: 979 daAuts
     D:8: 947 daAuts
  Lair:1: 933 daAuts
     D:9: 881 daAuts
     D:2: 872 daAuts
  Lair:2: 39 daAuts
  Temple: 18 daAuts
    D:11: 3 daAuts
